 Dungeon Crawl Stone Soup version 0.30.0 (webtiles) character file.

Game seed: 12225368747785305738

2666 Ayyar the Blocker (level 9, -22/71 HPs)
             Began as a Formicid Fighter on May 24, 2023.
             Was an Initiate of Gozag.
             Annihilated by an orc knight
             ... wielding a +0 war axe
              (32 damage)
             ... in a bailey.
             The game lasted 00:24:49 (7341 turns).

Ayyar the Blocker (Formicid Fighter)                Turns: 7341, Time: 00:24:50

Health: -22/71     AC: 14    Str: 22    XL:     9   Next: 94%
Magic:  9/9        EV:  9    Int: 14    God:    Gozag
Gold:   813        SH:  6    Dex: 13    Spells: 8/8 levels left

rFire   + . .        A - +0 glaive
rCold   . . .        c - +0 buckler
rNeg    . . .        B - +4 scale mail
rPois   .            (helmet unavailable)
rElec   .            (no cloak)
rCorr   .            C - +0 pair of gloves
SInv    +            E - +0 pair of boots
Will    .....        (no amulet) Stlth
                     d - ring "Orixt" {rF+ Str-3 Int+6 Slay+3}
HPRegen 0.31/turn    (no ring)
MPRegen 0.11/turn

%: no passive effects
@: gold aura
A: permanent stasis, dig shafts and tunnels, antennae 3, four strong arms
a: Dig, Renounce Religion, Potion Petition, Call Merchant, Bribe Branch


You were in a bailey.
You worshipped Gozag.
Gozag was pleased with you.
You visited 2 branches of the dungeon, and saw 9 of its levels.
You also visited: Bailey.

You collected 1050 gold pieces.
You spent 169 gold pieces at shops.
You paid 68 gold pieces to Gozag.

Inventory:

Hand Weapons
 a - a +0 trident
 A - a +0 glaive (weapon)
Missiles
 n - 10 poisoned darts (quivered)
 K - 8 boomerangs
Armour
 c - a +0 buckler (worn)
 B - a +4 scale mail (worn)
 C - a +0 pair of gloves (worn)
 E - a +0 pair of boots (worn)
Jewellery
 d - the ring "Orixt" (left hand) {rF+ Str-3 Int+6 Slay+3}
   (You found it on level 6 of the Dungeon)

   [ring of intelligence]

   Str:       It affects your strength (-3).
   Int:       It affects your intelligence (+6).
   Slay:      It affects your accuracy & damage with ranged weapons and melee
   (+3).
   rF:        It protects you from fire.
 w - an amulet of guardian spirit
Wands
 l - a wand of iceblast (7)
 z - a wand of charming (19)
 F - a wand of polymorph (8)
Scrolls
 e - 2 scrolls of magic mapping
 f - 2 scrolls of immolation
 g - a scroll of torment {unknown}
 h - 3 scrolls of poison {unknown}
 j - 2 scrolls of identify
 m - 4 scrolls of vulnerability
 o - 3 scrolls of enchant armour
 q - a scroll of summoning {unknown}
 s - a scroll of noise {unknown}
 t - a scroll of blinking {unknown}
 u - 2 scrolls of fog
 v - a scroll of enchant weapon {unknown}
 y - a scroll of amnesia {unknown}
 H - 2 scrolls of silence {unknown}
Potions
 b - a potion of lignification
 i - a potion of curing {unknown}
 k - a potion of brilliance
 p - 2 potions of berserk rage
 r - 3 potions of mutation
 x - a potion of flight {unknown}
 D - 2 potions of haste {unknown}
 G - a potion of attraction {unknown}
 I - a potion of heal wounds
 J - a potion of cancellation {unknown}


   Skills:
 + Level 6.6 Fighting
 + Level 5.6 Polearms
 + Level 4.7 Throwing
 + Level 6.8 Armour
 + Level 8.1 Shields
 + Level 5.1 Evocations


You had 8 spell levels left.
You didn't know any spells.
Your spell library contained the following spells:

 Spells                   Type           Power      Damage    Failure   Level
 Kiss of Death            Conj/Necr      0%         2d5       63%         1
 Confusing Touch          Hex            0%         N/A       94%         3
 Dispel Undead            Necr           0%         3d6       100%        4


Dungeon Overview and Level Annotations

Branches:
Dungeon (8/15)             Temple (1/1) D:4          Bailey (1/1)
   Lair: D:8-11

Altars:
Cheibriados
Elyvilon
Gozag
Makhleb
Ru
Uskayaw
Zin

Shops:
D:4 *   D:6 :

Annotations:
D:6 3 runed translucent doors, xade's ghost, novice DjFE
D:8 3 runed translucent doors


Innate Abilities, Weirdness & Mutations

You cannot be hasted, slowed, berserked, paralysed or teleported.
You can dig through walls and to a lower floor.
You have a pair of large antennae on your head. (SInv)
Your four strong arms can wield two-handed weapons with a shield.


Message History

Aim: a kobold, quivering boomerangs (60% to hit)
You throw a poisoned dart. The poisoned dart hits the kobold!
The kobold is poisoned.
The kobold throws a boomerang.
The boomerang closely misses you.
Throw: 11 darts (poison)
Press: ? - help, Q - select action, (/) - cycle Shift-Dir - straight line, f - orc knight, p - kobold
Aim: an orc knight, wielding a +0 war axe and wearing a +0 scale mail (60% to hit)
You throw a poisoned dart. The poisoned dart hits the orc knight.
The orc knight is poisoned.
Reach: A) +0 glaive
Press: ? - help, Dir - move target, f/p - orc knight
Aim: an orc knight, wielding a +0 war axe and wearing a +0 scale mail (lightly wounded, poisoned, about 47% to evade your +0 glaive)
You reach to attack!
You barely miss the orc knight.
The orc knight is lightly wounded.
Reach: A) +0 glaive
Press: ? - help, Dir - move target, f/p - orc knight
Aim: an orc knight, wielding a +0 war axe and wearing a +0 scale mail (lightly wounded, poisoned, about 47% to evade your +0 glaive)
You barely miss the orc knight.
The orc knight is lightly wounded.
The orc shouts!
You kill the kobold!
The orc knight hits you with a +0 war axe!
The orc knight roars a battlecry!
The orcs go into a battle-frenzy!
The orc knight picks up some gold.
The orc knight attacks as you move away!
The orc knight hits you with a +0 war axe!
You slash the orc knight!
The orc knight is moderately wounded.
The orc knight roars a battlecry!
The orc knight goes into a battle-frenzy!
The orc knight hits you with a +0 war axe!!!
Ouch! That really hurt!
* * * LOW HITPOINT WARNING * * *
You slash the orc knight!
The orc knight is moderately wounded.
The orc knight looks more healthy.
The orc knight hits you with a +0 war axe!!
You die...
Your body crumbles into a pile of gold.

♣♣♣∩♣♣♣ #####♣♣♣.....♣♣♣
#### ##...##.........##.$!#
##.....##.......##....?
##...8...##~~~~~##...... ♣≈
##.........#~~~~~#...8..8
♣≈≈#..........#~~~~~#.(.....
♣≈≈#..8..8....'.@oo.o(......
$
♣≈≈#........#########......8
♣≈≈##......## ###...o
♣...##.....# ...
♣....##....#~?. {.
♣.....#)...##8.8
.....)).....#o..
∩.∩...'.....#....
......'.....#....


You could see 2 orc knights and an orc (strong).

Vanquished Creatures
  A hornet (D:8)
  The ghost of SgtSorry the Shooter, an amateur KoHs (D:3)
  Eustachio (D:6)
  A wyvern (D:7)
  Menkaure (D:6)
  A water moccasin (D:7)
  An ice beast (D:6)
  A centaur (D:6)
  2 phantoms (D:6)
  2 kobold brigands
  2 bullfrogs (D:7)
  A scorpion (D:5)
  3 killer bees (D:6)
  2 howler monkeys (D:7)
  4 jellies (D:6)
  4 orc priests
  4 hounds
  Natasha (thrice) (D:3)
  5 iguanas
  8 orc wizards
  2 gnolls (Bailey)
  6 adders
  A shadow imp (D:6)
  2 white imps
  An ufetubus (D:6)
  2 worms
  6 dart slugs
  17 orcs
  9 ball pythons
  5 bats
  An endoplasm (D:3)
  3 giant cockroaches
  3 goblins (D:3)
  10 hobgoblins
  22 kobolds
  4 quokkas
  4 frilled lizards
  2 rats
148 creatures vanquished.

Vanquished Creatures (others)
  2 kobolds (D:3)
  A plant (D:1)
3 creatures vanquished.

Grand Total: 151 creatures vanquished

Notes
Turn   | Place    | Note
-------+----------+-------------------------------------------
     0 | D:1      | Ayyar the Formicid Fighter began the quest for the Orb.
     0 | D:1      | Reached XP level 1. HP: 18/18 MP: 1/1
    79 | D:1      | Reached XP level 2. HP: 24/24 MP: 2/2
   349 | D:1      | Reached XP level 3. HP: 22/29 MP: 3/3
  1430 | D:2      | Reached XP level 4. HP: 37/37 MP: 4/4
  1657 | D:3      | Reached skill level 5 in Shields
  1660 | D:3      | Reached XP level 5. HP: 38/42 MP: 5/5
  2078 | D:3      | Noticed a kobold brigand
  2079 | D:3      | Found a runed translucent gate.
  2079 | D:3      | Noticed SgtSorry's ghost (amateur KoHs)
  2080 | D:3      | Found a runed translucent gate.
  2081 | D:3      | Found a runed translucent gate.
  2207 | D:3      | Noticed Natasha
  2214 | D:3      | Killed Natasha
  2215 | D:3      | Reached skill level 1 in Evocations
  2423 | D:3      | Noticed Natasha
  2430 | D:3      | Killed Natasha
  2431 | D:3      | Reached skill level 1 in Throwing
  2431 | D:3      | Reached XP level 6. HP: 46/48 MP: 6/6
  2454 | D:3      | Noticed Natasha
  2460 | D:3      | Killed Natasha
  2618 | D:4      | Found an opulent altar of Gozag.
  2618 | D:4      | Found a snail-covered altar of Cheibriados.
  2618 | D:4      | Found a burning altar of Makhleb.
  2621 | D:4      | Found a white marble altar of Elyvilon.
  2652 | D:4      | Became a worshipper of Gozag Ym Sagoz the Greedy
  2853 | D:4      | Reached XP level 7. HP: 55/55 MP: 7/7
  2923 | D:4      | Found a sacrificial altar of Ru.
  3244 | D:4      | Found Jamyluf's General Store.
  3253 | D:4      | Bought 2 scrolls of fog for 104 gold pieces
  3253 | D:4      | Bought a potion of heal wounds for 65 gold pieces
  3522 | D:4      | Found a staircase to the Ecumenical Temple.
  3582 | D:5      | Entered Level 5 of the Dungeon
  3767 | D:5      | Reached skill level 6 in Shields
  4072 | D:6      | Reached skill level 5 in Armour
  4132 | D:6      | Noticed a +0 short sword
  4133 | D:6      | Noticed a +0 spear
  4133 | D:6      | Noticed a +0 short sword
  4133 | D:6      | Noticed a +0 spear
  4133 | D:6      | Noticed a +0 falchion
  4134 | D:6      | Noticed a +0 dagger
  4137 | D:6      | Noticed a +0 dagger
  4145 | D:6      | Reached skill level 5 in Fighting
  4145 | D:6      | Reached XP level 8. HP: 62/62 MP: 8/8
  4145 | D:6      | Noticed a +0 falchion
  4530 | D:6      | Noticed Menkaure
  4544 | D:6      | Killed Menkaure
  4769 | D:6      | Found a runed translucent gate.
  4769 | D:6      | Found a runed translucent gate.
  4769 | D:6      | Found a runed translucent gate.
  4771 | D:6      | Noticed xade's ghost (novice DjFE)
  4776 | D:6      | Identified the +0 plate armour of the Evening {-Cast Dex+6
                  | Stlth+}
  4958 | D:6      | Noticed Eustachio
  4998 | D:6      | Killed Eustachio
  4999 | D:6      | Reached skill level 7 in Shields
  4999 | D:6      | Reached XP level 9. HP: 26/69 MP: 9/9
  5142 | D:6      | Found a hide-covered altar of Uskayaw.
  5293 | D:6      | Found Zuin's Tremendous Tomes.
  5341 | D:6      | Identified the ring "Orixt" {rF+ Str-3 Int+6 Slay+3}
  5898 | D:3      | Killed SgtSorry's ghost
  5899 | D:3      | Reached skill level 5 in Polearms
  5953 | Temple   | Entered the Ecumenical Temple
  6528 | D:7      | Found a glowing silver altar of Zin.
  6793 | D:7      | Reached skill level 8 in Shields
  6801 | D:7      | Reached skill level 5 in Evocations
  7097 | D:8      | Noticed a hornet
  7105 | D:8      | Killed a hornet
  7125 | D:8      | Found a runed translucent gate.
  7126 | D:8      | Found a runed translucent gate.
  7128 | D:8      | Found a runed translucent gate.
  7136 | D:8      | Found a flagged portal.
  7226 | Bailey   | Entered a bailey
  7298 | Bailey   | Noticed an orc warlord
  7330 | Bailey   | Noticed an orc knight
  7331 | Bailey   | Noticed an orc knight
  7341 | Bailey   | Annihilated by an orc knight

Illustrated notes

Levels and vault maps discovered:
D:1:      reono_arrival_mine, layout_basic, hangedman_decor_growths,
          chequers_big_river
D:2:      layout_basic
D:3:      layout_basic, gammafunk_ghost_nasty_kobolds, minivault_23,
          corexii_leaking_fountain, feat_on_display, uniq_natasha
D:4:      layout_loops_cross, nicolae_ru_awakened_eye,
          chequers_temple_overflow_statue_of_worship,
          minmay_temple_entry_gardened_gates, serial_shops, shop
D:5:      layout_gridville
D:6:      layout_loops_cross, nicolae_uskayaw_en_pointe,
          biasface_ghost_orc_armoury, nicolae_shop_i_like_big_books,
          dk_noncrumbling_3, grunt_ministairs_14,
          nicolae_concentric_dashed_squares_mild, uniq_eustachio, uniq_menkaure
D:7:      layout_basic, zin_scriptorium, kennysheep_another_room
D:8:      layout_gridville, kennysheep_mini, nicolae_overflow_crystal_walls,
          enter_bailey_2, gammafunk_ghost_ooze, uniq_pikel
Temple:   jpeg_temple_alley_garden
Bailey:   bailey_axe_bossmonster_kennysheep, bailey

Skill      XL: |  1  2  3  4  5  6  7  8  9 |
---------------+----------------------------+-----
Fighting       | 4 5 6 |  6.6
Armour         | 4 5 6 |  6.8
Shields        | 5 6 7 8 |  8.1
Polearms       | 3 4 5 |  5.6
Evocations     | 1 2 3 5 |  5.1
Throwing       | 1 2 3 4 |  4.7

Action                     |  1- 3 |  4- 6 |  7- 9 || total
---------------------------+-------+-------+-------++-------
  Melee: Trident           |   120 |   133 |   221 ||   474
         Glaive            |       |       |   216 ||   216
  Throw: Dart              |       |       |     3 ||     3
    Use: Potion            |       |     2 |     6 ||     8
         Scroll            |       |       |     8 ||     8
   Stab: Distracted        |       |       |     1 ||     1
 Armour: Scale mail        |    59 |    42 |   188 ||   289
         Skin              |       |       |    47 ||    47
  Dodge: Dodged            |    50 |    65 |   201 ||   316
  Block: Buckler           |    25 |    30 |   111 ||   166
